Cogmind - Beta 13 @@@ ROGUE MODE // 2024.06.01 @ 20:12:23 Player: Kat Result: Destroyed by UO-2XK(R) with Subdweller Machine Gun Performance ------------- Evolutions (0) 0 Regions Visited (3) 600 Robots Destroyed (23) 115 Value Destroyed (676) 676 Prototype IDs (2) 40 Alien Tech Used (0) 0 Bonus (0) 0 TOTAL SCORE: 1431 Bonus ------- None Cogmind --------- Core Integrity 0/250 Matter 300/300 Energy 250/250 System Corruption 0% Temperature Cool (0) Movement Treading (160) Location -10/Subcaves Parts ------- > --- POWER (1) -------- Ion Engine > --- PROPULSION (2) --- Spiked Treads > --- UTILITY (2) ------ Sensor Array Signal Interpreter > --- WEAPON (2) ------- Shotgun Shotgun > --- INVENTORY (5) ---- Targeting Computer Light Armor Plating Light Armor Plating Datajack Datajack Peak State ------------ > --- POWER ------------ Ion Engine > --- PROPULSION ------- Aluminum Leg Aluminum Leg > --- UTILITY ---------- Small Storage Unit Signal Interpreter > --- WEAPON ----------- Shotgun Shotgun > --- INVENTORY -------- Sensor Array Targeting Computer Light Armor Plating Light Armor Plating Shotgun Shotgun Datajack Datajack [Rating: 10] Favorites ----------- Power Ion Engine Engine Ion Engine Propulsion Aluminum Leg Treads Spiked Treads Leg Aluminum Leg Utility Small Storage Unit Device Sensor Array Storage Small Storage Unit Processor Signal Interpreter Weapon Shotgun Energy Gun Medium Laser Ballistic Gun Shotgun Build | -11 -10 -10 -10 ------- Run | Yrd Mat Min Sub Slots Evolved . | . . . . Power . | . . . . Propulsion . | . . . . Utility . | . . . . Weapon . | . . . . Parts Attached 23 | 7 11 1 4 Power 1 | 1 . . . Engine 1 | 1 . . . Core . | . . . . Reactor . | . . . . Propulsion 11 | 2 7 1 1 Treads 1 | . . . 1 Leg 10 | 2 7 1 . Wheel . | . . . . Hover . | . . . . Flight . | . . . . Utility 5 | 2 2 . 1 Device 3 | 1 1 . 1 Storage 1 | 1 . . . Processor 1 | . 1 . . Hackware . | . . . . Protection . | . . . . Artifact . | . . . . Weapon 6 | 2 2 . 2 Energy Gun 2 | 2 . . . Energy Cannon . | . . . . Ballistic Gun 4 | . 2 . 2 Ballistic Cannon . | . . . . Launcher . | . . . . Special Weapon . | . . . . Impact Weapon . | . . . . Slashing Weapon . | . . . . Piercing Weapon . | . . . . Special Melee Weapon . | . . . . Unidentified Prototypes . | . . . . Parts Lost 3 | . . . 3 Power . | . . . . Propulsion 2 | . . . 2 Utility . | . . . . Weapon 1 | . . . 1 Highest Loss Streak 3 | . . . 3 To Critical Strikes . | . . . . Average Slot Usage (%) 97 | . 100 100 85 Engine 14 | . 14 14 14 Treads 2 | . . . 12 Leg 22 | . 28 28 1 Device 5 | . 6 . 10 Storage 11 | . 14 14 3 Processor 10 | . 7 14 14 Energy Gun 7 | . 13 . . Ballistic Gun 20 | . 14 28 27 Naked Turns . | . . . . Heaviest Build 17 | 15 17 16 16 Greatest Support 20 | 20 20 20 20 Greatest Overweight (x) 5 | 1 . . 5 Average Overweight (x) . | . . . . Largest Inventory Capacity 8 | 8 8 8 8 Average Capacity 7 | 7 8 8 5 Most Carried 8 | 1 8 8 8 Average Carried 6 | . 7 8 5 Final Capacity 8 | 8 8 8 5 Final Carried 8 | . 8 8 5 Class Distribution -------------------- 100% | Mutant Dominant Class ---------------- Mutant | -10/Materials Mutant | -10/Mines Mutant | -10/Subcaves Resources | -11 -10 -10 -10 ----------- Run | Yrd Mat Min Sub Matter Collected 777 | 218 351 83 125 Remotely . | . . . . Salvage Created 900 | 50 551 188 111 Parts 50 | 5 29 11 5 Haulers Intercepted . | . . . . Recyclers Shooed 2 | . 1 1 . Parts Field Recycled . | . . . . Retrieved Matter . | . . . . Parts Self-Destructed 8 | . . . 8 Prevented . | . . . . Kills | -11 -10 -10 -10 ------- Run | Yrd Mat Min Sub Combat Hostiles Destroyed 18 | . 11 4 3 Guns 18 | . 11 4 3 Classes Destroyed 6 | 1 3 1 1 Tunneler 2 | 2 . . . Recycler 2 | . 1 1 . Watcher 1 | . 1 . . Swarmer 2 | . . 2 . Grunt 13 | . 11 2 . Subdweller 3 | . . . 3 Best Kill Streak 5 | 2 5 2 2 Combat Bots Only 4 | . 4 2 2 Max Kills in Single Turn 2 | 2 1 1 1 Gunslinging . | . . . . Exploded . | . . . . Melee . | . . . . Uniques/NPCs Destroyed . | . . . . Combat | -11 -10 -10 -10 -------- Run | Yrd Mat Min Sub Hostile Shots Fired 96 | . 44 21 31 Missed 27 | . 12 8 7 Damage Taken 1051 | . 402 134 515 Core 250 | . 108 29 113 Absorbed by Shields . | . . . . Core Remaining (%) 100 | 100 . . . Volleys Fired 65 | 4 39 9 13 Largest 2 | 2 2 2 2 Hottest 100 | 100 100 46 46 Shots Fired 129 | 8 78 18 25 Gun 129 | 8 78 18 25 Cannon . | . . . . Launcher . | . . . . Special . | . . . . Kinetic 93 | . 50 18 25 Thermal 36 | 8 28 . . Explosive . | . . . . Electromagnetic . | . . . . Robot Hit Streak 17 | 1 17 6 15 Robot Miss Streak 9 | 2 9 4 2 Penetration Max . | . . . . Secondary Targets 2 | . 1 . 1 Max Gunslinging Chain 1 | . 1 . 1 Shots Hit Robots 91 | 2 55 12 22 Core Hits 48 | 2 28 9 9 Critical Kills . | . . . . Critical Parts Destroyed 1 | . 1 . . Critical Strikes 1 | . 1 . . Destroy 1 | . 1 . . Melee Attacks . | . . . . Impact . | . . . . Slashing . | . . . . Piercing . | . . . . Sneak Attacks . | . . . . Combat Hostiles . | . . . . Follow-up Attacks . | . . . . Damage Inflicted 1383 | 37 784 156 406 Guns 1367 | 37 772 152 406 Cannons . | . . . . Explosions . | . . . . Melee . | . . . . Ramming 16 | . 12 4 . Kinetic 1156 | . 598 152 406 Thermal 211 | 37 174 . . Explosive . | . . . . Electromagnetic . | . . . . Impact . | . . . . Slashing . | . . . . Piercing . | . . . . Highest Corruption . | . . . . Average Corruption . | . . . . Corruption Purged . | . . . . Corruption Blocked . | . . . . Overload Shots . | . . . . Overflow Damage . | . . . . Projectiles . | . . . . Explosions . | . . . . Melee . | . . . . Knockbacks 1 | . 1 . . Impact 1 | . 1 . . Kinetic . | . . . . Secondary . | . . . . Self-Inflicted Damage . | . . . . Shots . | . . . . Rammed . | . . . . Targets Rammed 5 | . 3 2 . Kicked 5 | . 3 2 . Crushed . | . . . . Highest Temperature 216 | 156 216 4 . Average Temperature 68 | 89 66 4 . Received Heat Transfer 348 | . 231 36 81 Siege Activations . | . . . . Robots Corrupted . | . . . . Combat Hostiles . | . . . . Parts Fried . | . . . . Impact Corruptions . | . . . . Robots Melted . | . . . . Combat Hostiles . | . . . . Parts Melted 2 | . . . 2 Heat Transferred 629 | 111 518 . . Parts Sabotaged . | . . . . Parts Stolen . | . . . . Parts Stripped . | . . . . Power Chain Reactions . | . . . . Alert | -11 -10 -10 -10 ------- Run | Yrd Mat Min Sub Peak Influence 189 | 10 189 114 . Initial 59 | . 6 59 . Average 58 | 1 56 69 . Maximum Alert Level . | . . . . Low Security (%) 100 | 100 100 100 . Level 1 . | . . . . Level 2 . | . . . . Level 3 . | . . . . Level 4 . | . . . . Level 5 . | . . . . High Security . | . . . . Max Security . | . . . . Squads Dispatched 3 | . 3 . . Investigation 3 | . 3 . . Extermination . | . . . . Reinforcement . | . . . . Assault . | . . . . Garrison . | . . . . Intercept . | . . . . Searches Triggered . | . . . . Construction Impeded . | . . . . Haulers Reinforced . | . . . . Active Scanning Responses . | . . . . Cargo Convoy Interrupts . | . . . . Stealth | -11 -10 -10 -10 --------- Run | Yrd Mat Min Sub Distress Signals 1 | . 1 . . Communications Jammed . | . . . . Distress Signals . | . . . . Times Spotted 33 | . 21 5 7 Peak Tracking Total 5 | . 5 3 3 Tactical Retreats 3 | . 2 . 1 Traps | -11 -10 -10 -10 ------- Run | Yrd Mat Min Sub Traps Triggered . | . . . . Indirectly . | . . . . Trap Hack Attempts . | . . . . Triggered . | . . . . Disarmed . | . . . . Reprogrammed . | . . . . Reused . | . . . . Traps Extracted . | . . . . Installed . | . . . . Triggered . | . . . . Machines | -11 -10 -10 -10 ---------- Run | Yrd Mat Min Sub Machines Disabled . | . . . . Max in Single Turn . | . . . . Machines Repaired . | . . . . Machines Dismantled . | . . . . Machines Sabotaged . | . . . . Overloaded Fab Kills . | . . . . Hacking | -11 -10 -10 -10 --------- Run | Yrd Mat Min Sub Machines Accessed 7 | . 7 . . Terminals 7 | . 7 . . Fabricators . | . . . . Repair Stations . | . . . . Recycling Units . | . . . . Scanalyzers . | . . . . Garrison Access . | . . . . Total Hacks 23 | . 23 . . Successful 10 | . 10 . . Failed 13 | . 13 . . Catastrophic 1 | . 1 . . Database Lockouts . | . . . . Manual . | . . . . Terminals 23 | . 23 . . Fabricators . | . . . . Repair Stations . | . . . . Recycling Units . | . . . . Scanalyzers . | . . . . Garrison Access . | . . . . Terminal Hacks 10 | . 10 . . Record 4 | . 4 . . Prototype ID Bank 1 | . 1 . . Dispatch Records 2 | . 2 . . Hauler Manifests 1 | . 1 . . Registered Prototypes 1 | . 1 . . Zone Layout 1 | . 1 . . Fabricator Hacks . | . . . . Repair Station Hacks . | . . . . Recycling Unit Hacks . | . . . . Scanalyzer . | . . . . Garrison Access Hacks . | . . . . Unauthorized Hacks . | . . . . Terminals . | . . . . Fabricators . | . . . . Repair Stations . | . . . . Recycling Units . | . . . . Scanalyzers . | . . . . Garrison Access . | . . . . Data Cores Recovered . | . . . . Used . | . . . . Hacking Detections 7 | . 7 . . Full Trace Events 3 | . 3 . . Feedback Events . | . . . . Feedback Blocked . | . . . . Robot Schematics Acquired . | . . . . Robots Built . | . . . . Authchips . | . . . . Time . | . . . . Total Robot Build Rating . | . . . . Part Schematics Acquired . | . . . . Parts Built . | . . . . Authchips . | . . . . Time . | . . . . Total Part Build Rating . | . . . . Parts Repaired . | . . . . Time . | . . . . Parts Recycled . | . . . . Recycled Matter . | . . . . Retrieved Matter . | . . . . Retrieved Components . | . . . . Parts Scanalyzed . | . . . . Part Schematics Acquired . | . . . . Parts Damaged . | . . . . Bothacking | -11 -10 -10 -10 ------------ Run | Yrd Mat Min Sub Used RIF Installer . | . . . . Robots Hacked . | . . . . Non-combat . | . . . . Combat . | . . . . Robot Hacks Applied . | . . . . Relay Couplers Released . | . . . . Fabnet Peak Effective % . | . . . . Robots Rewired . | . . . . Allies Hacked . | . . . . Hacks Repelled . | . . . . Allies | -11 -10 -10 -10 -------- Run | Yrd Mat Min Sub Total Allies . | . . . . Largest Group . | . . . . Highest-Rated Group . | . . . . Highest-Rated Ally . | . . . . Total Orders . | . . . . Ally Attacks . | . . . . Total Damage . | . . . . Kills . | . . . . Allies Corrupted . | . . . . Allies Melted . | . . . . Intel | -11 -10 -10 -10 ------- Run | Yrd Mat Min Sub Robot Analysis Total . | . . . . Derelict Logs Recovered 2 | . . 1 1 Drone Launches . | . . . . Drone Recoveries . | . . . . Exploration | -11 -10 -10 -10 ------------- Run | Yrd Mat Min Sub Turns Passed 2723 | 63 1482 656 522 Spaces Moved 1630 | 36 861 495 238 Core 6 | 4 . . 2 Treads 222 | . . . 222 Legs 1402 | 32 861 495 14 Wheels . | . . . . Hover . | . . . . Flight . | . . . . Fastest Speed 50 | 50 120 120 120 Average Speed 125 | 113 120 120 158 Slowest Speed 300 | 120 120 120 300 Overloaded Moves . | . . . . Propulsion Burnouts . | . . . . Robots Hopped . | . . . . Cave-ins Triggered . | . . . . Exploration Rate (%) 54 | 3 99 99 16 Regions Visited 3 Branch Regions 2 Pre-discovered Areas 1 | . . . 1 Known Exits Taken 2 | . 1 1 . Unknown Exits Taken 1 | 1 . . . Scrap Searched 3 | . . 2 1 Spaces Dug . | . . . . Terrain Destroyed . | . . . . Melee . | . . . . Projectile . | . . . . AOE . | . . . . Terrain Rammed . | . . . . Walls Destroyed . | . . . . Machines Disabled . | . . . . Actions | -11 -10 -10 -10 --------- Run | Yrd Mat Min Sub Total 2177 | 47 1234 539 357 Wait 428 | . 298 32 98 Move 1627 | 35 860 494 238 Hop . | . . . . Pick Up 14 | 1 11 . 2 Fast Attach 8 | 6 2 . . Attach 5 | 1 1 . 3 Detach . | . . . . Swap 10 | . 8 1 1 Drop 15 | . 12 1 2 Fire 65 | 4 39 9 13 Melee . | . . . . Ram . | . . . . Kick 5 | . 3 2 . Crush . | . . . . Escape Stasis . | . . . . Rewire . | . . . . Trap . | . . . . Miscellaneous . | . . . . Route ------- -11/Scrapyard -10/Materials (discovered 5 exits: *Mat x3 / *Min x2) -10/Mines (discovered 3 exits: *Mat x2 / *Sub) -10/Subcaves History --------- Turn | Location | Event 16 | -11/Scrapyard | Discovered new exit (range 16) 64 | -11/Scrapyard | Entered Materials 300 | -10/Materials | Build established: Mutant 775 | -10/Materials | Discovered new exit (range 15) 813 | -10/Materials | Identified exit to Mines 950 | -10/Materials | Discovered new exit (range 12) 968 | -10/Materials | Identified exit to Materials 1265 | -10/Materials | Discovered exit to Materials (range 3) 1310 | -10/Materials | Discovered exit to Mines (range 12) 1366 | -10/Materials | Discovered exit to Materials (range 13) 1546 | -10/Materials | Entered Mines 1727 | -10/Mines | Learned 2 Materials zone layouts 1846 | -10/Mines | Discovered exit to Materials (range 4) 2059 | -10/Mines | Discovered exit to Materials (range 10) 2077 | -10/Mines | Core integrity fell below 50% 2195 | -10/Mines | Discovered new exit (range 6) 2200 | -10/Mines | Identified exit to Subcaves 2202 | -10/Mines | Entered Subcaves 2248 | -10/Subcaves | Core integrity fell below 20% 2278 | -10/Subcaves | Lost 3 parts (2n1w) 2724 | -10/Subcaves | Destroyed by UO-2XK(R) with Subdweller Machine Gun Last Messages --------------- 02335_ Dropped Shotgun. 02335_ Dropped Sml. Storage Unit. 02338_ Acquired Targeting Computer. 02354_ Acquired 8 matter. 02375_ Acquired 9 matter. 02378_ Acquired 10 matter. 02395_ Acquired derelict log, extracted data. World map updated: -10/Materials. 02408_ Searching scrap... 02408_ Found Scrap Shield. 02408_ Found 15 Matter. 02409_ Acquired 2 matter. 02425_ 3N-SFC(R): "SUBHATE!" 02555_ 13-CMU(u) cries out in pain. 02555_ 13-CMU(u) destroyed. 02633_ 4O-8C4(R): "ECOKILL!" 02657_ Sub. Power Source melted. 02657_ 4O-8C4(R) destroyed. 02660_ Acquired 24 matter. Map ----- +----------------------------------------------------+ | ?????????????????????????????????????????????????? | | ?????????????????????????????????????????????????? | | ?????????????????????????????????????????????????? | | ?????????????????????????????????????????????????? | | ?????????????????????????????????????????????????? | | ?????????????????????????????????????????????????? | | ?????????????????????????????????????????????????? | | ?????????????????????????????????????????????????? | | ?????????????????????????????????????????????????? | | ?????????????????????????????????????????????????? | | ?????????????????????????????????????????????????? | | ?????????????????????????????????????????????????? | | ?????????????????????????????????????????????????? | | ?????????????????????????????????????????????????? | | ?????????????????????????###?????????????????????? | | ?????????????????????????? ?????????????????????? | | ?????????????????????????? ??" ??? ???????###### | | ?????????????????????????? ?? " ? ??????#""" | | ?????????????????????????? ?? " ???????# | | ??????????????????????????? ?? ????????#" | | ??????????????????????????? ?? ???????????" | | ??????????????????????????? ###""#?????????????? | | ??????????????????????????? # "#???# ?????????? | | ?????????????????????????### ##?#"" ???????? | | ?????????????????# ####### #R## #? """ ???????? | | ?????????????????# @ #X ### """??????? | | ?????????????????# #### R# """"""""" ???????? | | ?????????????????????????### """""""""#??????## | | ??????????????????????????# % #?????????# | | ?????????????????????????# ##### ##?????????# | | ?????????????????????????## ##??# #?????????# | | ?????????????????????????# #???# ##?????????# | | ???????????????????????? #???# #?????????# | | ??????????????????????? #???# ##????????## | | ??????????????????????# # #????## #?????????# [ | | ??????????????????????######?????## ####??????# | | ?????????????????????????????????# # ##?????# | | ?????????????????????????????????## #?????# | | ?????????????????????????????????# #?????# | | ?????????????????????????????????### # #?????## | | ???????????????????????????????????### ! #?????# | | ?????????????????????????????????????# #?????# | | ?????????????????????????????????????# #?????# | | ?????????????????????????????????????# ##????## | | ?????????????????????????????????????## #????# | | ??????????????????????????????????????# #????#!& | | ?????????????????????????????????????## #????##% | | ?????????????????????????????????????# ######]& | | ?????????????????????????????????????# ## | | ?????????????????????????????????????## | +----------------------------------------------------+ Best States ------------- Heat Dissipation 25 Energy Generation 10 Energy Capacity 250 Matter Stores 300 Matter Capacity 300 Sight Range 16 Robot Scan Range 14 Terrain Scan Density 10 Evasion (%) 55 Recoil Reduction 1 Item Schematics ----------------- None Robot Schematics ------------------ None Fabricated ------------ Nothing Alien Tech Used ----------------- None Achievements -------------- None Challenges ------------ None Game ------ Seed TiamatEfficiencyLeg Manual? 0 Play Time 00:28:26 Cumulative 7.4 hours Start 2024.06.01 @ 19:34:31 End 2024.06.01 @ 20:12:23 Sessions 1 Manual Loads 0 Difficulty Rogue Special Mode None Game No. 16 Rogue 16 Adventurer 0 Explorer 0 Win Type - Total 0 Types 0/0/0/0/0/0/0/0/0 Lore% 5 Gallery% 12 Achievement% 10 Wizard Run 0 Options --------- Layout 1 ASCII 0 Keyboard 0 Movement Mouse Keybinds 0 Fullscreen 2 Font 24/Terminus Map View 50x35 Zoom Use 0% Tactical HUD 1 Map Filters NONE Filters NONE Steam 1 RUN: 5a731ebb-cd91-4f6b-ab71-b21c544a46fe